TOP OF THE 1ST |
Clemson Tigers batting - Pitching for Southern California Trojans : LHP Harry Arthur
|
Pitching: LHP Harry Arthur
|
|
Batting: RHB Wayne Scott
|
0-0: Called Strike 0-1: Ball 1-1: Foul Ball, location: 2F 1-2: Strikes out swinging
|
Batting: SHB Kenneth Cruz
|
0-0: Ball 1-0: Swinging Strike 1-1: Called Strike 1-2: Ball 2-2: Ground out 6-3 (Groundball, 6)
|
Batting: LHB Wally Harris
|
0-0: Ball 1-0: Ball 2-0: Ball 3-0: Called Strike 3-1: Base on Balls
|
Batting: RHB Leonard Harris
|
0-0: Ball Wally Harris steals 2nd base 1-0: 2-RUN HOME RUN (Line Drive, 7D), Distance : 353 ft
|
Batting: LHB Peter Puckett
|
0-0: Called Strike 0-1: Ball 1-1: SINGLE (Groundball, 6S)
|
Batting: LHB Frank Vázquez
|
0-0: Ball 1-0: Ball 2-0: Swinging Strike 2-1: Swinging Strike 2-2: Ball 3-2: Base on Balls Peter Puckett to second
|
Batting: RHB James Taylor
|
0-0: Called Strike 0-1: Foul Ball, location: 2F 0-2: Ball 1-2: Ball 2-2: Ball 3-2: Strikes out swinging
|
Top of the 1st over - 2 run(s), 2 hit(s), 0 error(s), 2 left on base; Clemson 2 - Southern California 0 |
BOTTOM OF THE 1ST |
Southern California Trojans batting - Pitching for Clemson Tigers : RHP Jaime De Los Santos
|
Pitching: RHP Jaime De Los Santos
|
|
Batting: LHB Steve Herman
|
0-0: Foul Ball, location: 2F 0-1: Foul Ball, location: 2F 0-2: SINGLE (Line Drive, 8RS)
|
Batting: LHB Rick Rutledge
|
0-0: SINGLE (Line Drive, 8LS) Steve Herman to second
|
Batting: LHB Kel Smith
|
0-0: Ball 1-0: Ball Passed Ball! Steve Herman to third Rick Rutledge to second 2-0: Ball 3-0: Base on Balls
|
Batting: RHB Ron Davis
|
0-0: Called Strike 0-1: Ball 1-1: Fly out, F6 (Popup, 6MD)
|
Batting: RHB José Hernández
|
0-0: Ball 1-0: Foul Ball, location: 2F 1-1: Swinging Strike 1-2: Fly out, F9 (Flyball, 9M) Runner from 3rd tags up, SCORES, throw made
|
Batting: RHB Mike Carter
|
0-0: Ball 1-0: Ball 2-0: Ball 3-0: Base on Balls Rick Rutledge to third Kel Smith to second
|
Batting: RHB Marvin Johnson
|
0-0: Foul Ball, location: 2F 0-1: Ball 1-1: Called Strike 1-2: Foul Ball, location: 2F 1-2: Ball 2-2: Ground out 1-3 (Groundball, 23)
|
Bottom of the 1st over - 1 run(s), 2 hit(s), 0 error(s), 3 left on base; Clemson 2 - Southern California 1 |
TOP OF THE 2ND |
Clemson Tigers batting - Pitching for Southern California Trojans : LHP Harry Arthur
|
Batting: RHB Armando Vega
|
0-0: SINGLE (Groundball, 13) (infield hit)
|
Batting: LHB Aaron Thompson
|
0-0: Called Strike 0-1: Ball 1-1: Fly out, F5 (Popup, 5S)
|
Batting: RHB Wayne Scott
|
0-0: Ball 1-0: Ball 2-0: Swinging Strike 2-1: Foul Ball, location: 2F 2-2: Strikes out swinging
|
Batting: SHB Kenneth Cruz
|
0-0: Called Strike 0-1: Called Strike 0-2: Ball 1-2: Ball 2-2: Ball 3-2: Foul Ball, location: 2F 3-2: Fly out, F8 (Flyball, 8RM)
|
Top of the 2nd over - 0 run(s), 1 hit(s), 0 error(s), 1 left on base; Clemson 2 - Southern California 1 |
BOTTOM OF THE 2ND |
Southern California Trojans batting - Pitching for Clemson Tigers : RHP Jaime De Los Santos
|
Batting: LHB Carl Hodge
|
0-0: Ground out U3 (Groundball, 3L)
|
Batting: LHB Héctor Ortíz
|
0-0: Ball 1-0: Ball 2-0: Ground out 5-3 (Groundball, 56)
|
Batting: LHB Steve Herman
|
0-0: Ball 1-0: Ground out 6-3 (Groundball, 6MS)
|
Bottom of the 2nd over - 0 run(s), 0 hit(s), 0 error(s), 0 left on base; Clemson 2 - Southern California 1 |
TOP OF THE 3RD |
Clemson Tigers batting - Pitching for Southern California Trojans : LHP Harry Arthur
|
Batting: LHB Wally Harris
|
0-0: Swinging Strike 0-1: Ball 1-1: Called Strike 1-2: SINGLE (Line Drive, 34D)
|
Batting: RHB Leonard Harris
|
0-0: Ball 1-0: Foul Ball, location: 2F 1-1: Swinging Strike 1-2: Ball 2-2: Ball 3-2: Strikes out swinging Wally Harris steals 2nd base Batter strikes out.
|
Batting: LHB Peter Puckett
|
0-0: Ball 1-0: Fly out, F7 (Line Drive, 7M)
|
Batting: LHB Frank Vázquez
|
0-0: Called Strike 0-1: Foul Ball, location: 2F 0-2: Strikes out swinging
|
Top of the 3rd over - 0 run(s), 1 hit(s), 0 error(s), 1 left on base; Clemson 2 - Southern California 1 |
BOTTOM OF THE 3RD |
Southern California Trojans batting - Pitching for Clemson Tigers : RHP Jaime De Los Santos
|
Batting: LHB Rick Rutledge
|
0-0: Ball 1-0: Called Strike 1-1: SINGLE (Line Drive, 4MD)
|
Batting: LHB Kel Smith
|
0-0: Foul Ball, location: 2F 0-1: Called Strike 0-2: SINGLE (Flyball, 78M) Rick Rutledge to second
|
Batting: RHB Ron Davis
|
0-0: Called Strike 0-1: Ball 1-1: Foul Ball, location: 2F 1-2: Foul Ball, location: 2F 1-2: Ball 2-2: Grounds into double play, 1-6-3 (Groundball, 25) Rick Rutledge to third
|
Batting: RHB José Hernández
|
0-0: Ball 1-0: Called Strike 1-1: Called Strike 1-2: Foul Ball, location: 2F 1-2: Ground out 5-3 (Groundball, 56)
|
Bottom of the 3rd over - 0 run(s), 2 hit(s), 0 error(s), 1 left on base; Clemson 2 - Southern California 1 |
TOP OF THE 4TH |
Clemson Tigers batting - Pitching for Southern California Trojans : LHP Harry Arthur
|
Batting: RHB James Taylor
|
0-0: Ground out U3 (Groundball, 3)
|
Batting: RHB Armando Vega
|
0-0: Fly out, F7 (Flyball, 7D)
|
Batting: LHB Aaron Thompson
|
0-0: Called Strike 0-1: Foul Ball, location: 2F 0-2: Strikes out swinging
|
Top of the 4th over - 0 run(s), 0 hit(s), 0 error(s), 0 left on base; Clemson 2 - Southern California 1 |
BOTTOM OF THE 4TH |
Southern California Trojans batting - Pitching for Clemson Tigers : RHP Jaime De Los Santos
|
Batting: RHB Mike Carter
|
0-0: Ball 1-0: Ball 2-0: SINGLE (Groundball, 56D) (infield hit)
|
Batting: RHB Marvin Johnson
|
0-0: Called Strike 0-1: SINGLE (Line Drive, 4D) Mike Carter to second
|
Batting: LHB Carl Hodge
|
0-0: Ball 1-0: Called Strike 1-1: Called Strike 1-2: 3-RUN HOME RUN (Flyball, 89XD), Distance : 389 ft
|
Batting: LHB Héctor Ortíz
|
0-0: Called Strike 0-1: Ball 1-1: Ball 2-1: Swinging Strike 2-2: Ball 3-2: Base on Balls
|
Batting: LHB Steve Herman
|
0-0: Called Strike 0-1: Ball Wild Pitch! Héctor Ortíz to second 1-1: Ball 2-1: Fly out, F8 (Flyball, 8RM)
|
Batting: LHB Rick Rutledge
|
0-0: Called Strike 0-1: Ball 1-1: Ball 2-1: Fly out, F6 (Popup, 5DF)
|
Batting: LHB Kel Smith
|
0-0: Ball 1-0: Foul Ball, location: 2F 1-1: Swinging Strike 1-2: Ball 2-2: Ball 3-2: Foul Ball, location: 2F 3-2: Base on Balls
|
Batting: RHB Ron Davis
|
0-0: Ball 1-0: Ball 2-0: Foul Ball, location: 2F 2-1: Foul Ball, location: 2F 2-2: Ball 3-2: DOUBLE (Flyball, 89M) Héctor Ortíz scores Kel Smith to third Kel Smith scores
|
Pitching: RHP Jaime Molaya
|
|
Batting: RHB José Hernández
|
0-0: Ball 1-0: Fly out, F9 (Flyball, 9LD)
|
Bottom of the 4th over - 5 run(s), 4 hit(s), 0 error(s), 1 left on base; Clemson 2 - Southern California 6 |
TOP OF THE 5TH |
Clemson Tigers batting - Pitching for Southern California Trojans : LHP Harry Arthur
|
Batting: RHB Wayne Scott
|
0-0: Foul Ball, location: 2F 0-1: Fly out, F3 (Popup, 3)
|
Batting: SHB Kenneth Cruz
|
0-0: Ground out 5-3 (Groundball, 5S)
|
Batting: LHB Wally Harris
|
0-0: Swinging Strike 0-1: Foul Ball, location: 2F 0-2: SINGLE (Groundball, 6MD) (infield hit)
|
Batting: RHB Leonard Harris
|
0-0: Foul Ball, location: 2F 0-1: Ball 1-1: Fielders Choice at 2nd, 6-4 (Groundball, 6)
|
Top of the 5th over - 0 run(s), 1 hit(s), 0 error(s), 0 left on base; Clemson 2 - Southern California 6 |
BOTTOM OF THE 5TH |
Southern California Trojans batting - Pitching for Clemson Tigers : RHP Jaime Molaya
|
Batting: RHB Mike Carter
|
0-0: Ball 1-0: Called Strike 1-1: Swinging Strike 1-2: Strikes out swinging
|
Batting: RHB Marvin Johnson
|
0-0: Called Strike 0-1: Ball 1-1: Ball 2-1: Ball 3-1: SOLO HOME RUN (Flyball, 7D), Distance : 344 ft
|
Batting: LHB Carl Hodge
|
0-0: Foul Ball, location: 2F 0-1: Ball 1-1: Swinging Strike 1-2: Ground out 4-3 (Groundball, 4)
|
Batting: LHB Héctor Ortíz
|
0-0: Called Strike 0-1: SINGLE (Flyball, 9M)
|
Batting: LHB Steve Herman
|
0-0: Called Strike 0-1: Ball 1-1: Ball 2-1: Ball 3-1: Foul Ball, location: 2F 3-2: Foul Ball, location: 2F 3-2: Foul Ball, location: 2F 3-2: Strikes out looking
|
Bottom of the 5th over - 1 run(s), 2 hit(s), 0 error(s), 1 left on base; Clemson 2 - Southern California 7 |
TOP OF THE 6TH |
Clemson Tigers batting - Pitching for Southern California Trojans : LHP Harry Arthur
|
Batting: LHB Peter Puckett
|
0-0: SINGLE (Line Drive, 8LS)
|
Batting: LHB Frank Vázquez
|
0-0: Swinging Strike 0-1: Swinging Strike 0-2: Ball 1-2: Strikes out swinging
|
Pitching: RHP Jason Morrison
|
|
Batting: RHB James Taylor
|
0-0: Swinging Strike 0-1: Ball 1-1: Ball 2-1: Swinging Strike 2-2: Strikes out looking
|
Batting: RHB Armando Vega
|
0-0: Called Strike 0-1: Ball 1-1: Ball 2-1: Foul Ball, location: 2F 2-2: Fly out, F8 (Flyball, 78M)
|
Top of the 6th over - 0 run(s), 1 hit(s), 0 error(s), 1 left on base; Clemson 2 - Southern California 7 |
BOTTOM OF THE 6TH |
Southern California Trojans batting - Pitching for Clemson Tigers : RHP Jaime Molaya
|
Batting: LHB Rick Rutledge
|
0-0: Swinging Strike 0-1: Ball 1-1: SINGLE (Groundball, 34)
|
Batting: LHB Kel Smith
|
0-0: Swinging Strike 0-1: Ball 1-1: Foul Ball, location: 2F 1-2: Foul Ball, location: 2F 1-2: Strikes out swinging
|
Batting: RHB Ron Davis
|
0-0: Fly out, F6 (Popup, 6)
|
Batting: RHB José Hernández
|
0-0: Ball 1-0: Called Strike 1-1: Ball 2-1: Ball 3-1: Foul Ball, location: 2F 3-2: Base on Balls Rick Rutledge to second
|
Batting: RHB Mike Carter
|
0-0: Swinging Strike 0-1: Swinging Strike 0-2: Ball 1-2: Strikes out looking
|
Bottom of the 6th over - 0 run(s), 1 hit(s), 0 error(s), 2 left on base; Clemson 2 - Southern California 7 |
TOP OF THE 7TH |
Clemson Tigers batting - Pitching for Southern California Trojans : RHP Jason Morrison
|
Batting: LHB Aaron Thompson
|
0-0: Ball 1-0: Swinging Strike 1-1: Foul Ball, location: 2F 1-2: Strikes out looking
|
Batting: RHB Wayne Scott
|
0-0: Called Strike 0-1: Swinging Strike 0-2: Strikes out looking
|
Batting: SHB Kenneth Cruz
|
0-0: Called Strike 0-1: Called Strike 0-2: Ball 1-2: SINGLE (Line Drive, 6MD)
|
Batting: LHB Wally Harris
|
0-0: Ball 1-0: Ball 2-0: Foul Ball, location: 2F 2-1: Called Strike 2-2: Foul Ball, location: 2F 2-2: SINGLE (Groundball, 4M) Kenneth Cruz to second Runner from 2nd tries for 3rd, SAFE, throw made to third
|
Batting: RHB Leonard Harris
|
0-0: Foul Ball, location: 2F 0-1: Ball 1-1: Ball 2-1: Ball 3-1: Base on Balls Wally Harris to second
|
Batting: LHB Peter Puckett
|
0-0: Ball 1-0: Ball 2-0: Ball 3-0: Called Strike 3-1: Base on Balls Kenneth Cruz scores Wally Harris to third Leonard Harris to second
|
Pitching: RHP Charlie Ross
|
|
Batting: LHB Frank Vázquez
|
0-0: Ball 1-0: Ball 2-0: Called Strike 2-1: Foul Ball, location: 2F 2-2: SINGLE (Groundball, 56D) Wally Harris scores Leonard Harris to third Peter Puckett to second Runner from 3rd tries for Home, SAFE, throw made at trailing runner, SAFE at third!
|
Batting: RHB James Taylor
|
0-0: Called Strike 0-1: Called Strike 0-2: Ground out 4-3 (Groundball, 4)
|
Top of the 7th over - 3 run(s), 3 hit(s), 0 error(s), 2 left on base; Clemson 5 - Southern California 7 |
BOTTOM OF THE 7TH |
Southern California Trojans batting - Pitching for Clemson Tigers : RHP Jaime Molaya
|
Pitching: LHP Jorge Gatán
|
|
Batting: RHB Marvin Johnson
|
0-0: Ball 1-0: Foul Ball, location: 2F 1-1: Ball 2-1: Ball 3-1: Called Strike 3-2: Strikes out swinging
|
Batting: LHB Carl Hodge
|
0-0: Ball 1-0: Ball 2-0: Ball 3-0: Base on Balls
|
Batting: LHB Héctor Ortíz
|
0-0: Grounds into double play, 5-4-3 (Groundball, 5L)
|
Bottom of the 7th over - 0 run(s), 0 hit(s), 0 error(s), 0 left on base; Clemson 5 - Southern California 7 |
TOP OF THE 8TH |
Clemson Tigers batting - Pitching for Southern California Trojans : RHP Charlie Ross
|
Batting: RHB Armando Vega
|
0-0: Called Strike 0-1: Ball 1-1: SINGLE (Flyball, 4D)
|
Pitching: RHP Alan Foster
|
|
Batting: LHB Aaron Thompson
|
0-0: SINGLE (Flyball, 7LS) Armando Vega to second
|
Batting: RHB Wayne Scott
|
0-0: Ball 1-0: Sac Bunt - play at first, batter OUT! 1-4 Armando Vega to third Aaron Thompson to second
|
Batting: SHB Kenneth Cruz
|
0-0: Fly out, F6 (Popup, 6MD)
|
Batting: LHB Wally Harris
|
0-0: Ball 1-0: Called Strike 1-1: Ball Passed Ball! Armando Vega scores Aaron Thompson to third 2-1: Called Strike 2-2: SINGLE (Groundball, 34D) Aaron Thompson scores
|
Batting: RHB Leonard Harris
|
0-0: Called Strike 0-1: Called Strike 0-2: Ball 1-2: Fly out, F8 (Flyball, 8RD)
|
Top of the 8th over - 2 run(s), 3 hit(s), 0 error(s), 1 left on base; Clemson 7 - Southern California 7 |
BOTTOM OF THE 8TH |
Southern California Trojans batting - Pitching for Clemson Tigers : LHP Jorge Gatán
|
Batting: LHB Steve Herman
|
0-0: Swinging Strike 0-1: Hit by Pitch
|
Batting: LHB Rick Rutledge
|
0-0: Bunt missed! 0-1: Ball 1-1: Sac Bunt - play at first, batter OUT! 6-4 Steve Herman to second
|
Batting: LHB Kel Smith
|
0-0: Intentional Walk
|
Batting: RHB Ron Davis
|
0-0: Fly out, F2 (Popup, 2RF)
|
Batting: RHB José Hernández
|
0-0: Foul Ball, location: 2F 0-1: Ball 1-1: Foul Ball, location: 2F 1-2: Strikes out swinging
|
Bottom of the 8th over - 0 run(s), 0 hit(s), 0 error(s), 2 left on base; Clemson 7 - Southern California 7 |
TOP OF THE 9TH |
Clemson Tigers batting - Pitching for Southern California Trojans : RHP Alan Foster
|
Pitching: RHP Carlos Juárez
|
|
Batting: LHB Peter Puckett
|
0-0: Ball 1-0: Ball 2-0: Ball 3-0: Called Strike 3-1: Base on Balls
|
Batting: LHB Frank Vázquez
|
0-0: Called Strike 0-1: Fly out, F8 (Flyball, 8LM)
|
Pinch Hitting: LHB Jeff Thompson
|
0-0: Called Strike 0-1: Swinging Strike 0-2: Ball 1-2: Ball 2-2: Strikes out looking
|
Batting: RHB Armando Vega
|
0-0: Called Strike 0-1: SINGLE (Groundball, 6) Peter Puckett to second
|
Batting: LHB Aaron Thompson
|
0-0: Ball 1-0: SINGLE (Groundball, 4MD) Peter Puckett to third Armando Vega to second
|
Batting: RHB Wayne Scott
|
0-0: Ball 1-0: SINGLE (Flyball, 7LS) Peter Puckett scores Armando Vega to third Aaron Thompson to second Runner from 3rd tries for Home, SAFE, no throw or cutoff
|
Batting: SHB Kenneth Cruz
|
0-0: Called Strike 0-1: Ball 1-1: DOUBLE (Groundball, 3L) Aaron Thompson scores Wayne Scott to third Runner from 3rd tries for Home, SAFE, no throw or cutoff
|
Pitching: RHP Jorge Cortéz
|
|
Batting: LHB Wally Harris
|
0-0: Ball 1-0: Called Strike 1-1: Fly out, F8 (Line Drive, 8LM)
|
Top of the 9th over - 4 run(s), 4 hit(s), 0 error(s), 1 left on base; Clemson 11 - Southern California 7 |
BOTTOM OF THE 9TH |
Southern California Trojans batting - Pitching for Clemson Tigers : LHP Jorge Gatán
|
Now at 2B: Julián García
|
|
Batting: RHB Mike Carter
|
0-0: Reached on error, E5 (Groundball, 56)
|
Batting: RHB Marvin Johnson
|
0-0: Foul Ball, location: 2F 0-1: Ball 1-1: Ball 2-1: Fly out, F7 (Flyball, 7LD) Runner from 2nd tags up, SAFE at 3rd, no throw
|
Pitching: RHP Joe Kennedy
|
|
Batting: LHB Carl Hodge
|
0-0: Ball Passed Ball! Mike Carter scores 1-0: Swinging Strike 1-1: Swinging Strike 1-2: Foul Ball, location: 2F 1-2: Strikes out looking
|
Pitching: RHP Bob Jordan
|
|
Batting: LHB Héctor Ortíz
|
0-0: Ball 1-0: Ground out U3 (Groundball, 3)
|
Bottom of the 9th over - 1 run(s), 0 hit(s), 1 error(s), 0 left on base; Clemson 11 - Southern California 8 |
|